AoeStats
← Traiano86

Black Forest

507564586Analyzed
3v3 RM · 13d ago on Sep 18, 2026· 84m 18s· 6 players
Game mode
Random Map
Map size
Normal (6 player)
Population
200
Speed
Normal
Resources
Standard
Victory
Conquest
Starting age
Dark Age
Ending age
Imperial Age
RankedLock teamsTeams togetherTeam positionsShared explorationLock speedFull tech treeHidden civsTurbo modeCheats
Victory
Defeat
🇮🇹 Turks · Italy
894
+10
🇮🇹 Franks · Italy
698
+19
🇮🇹 Romans · Italy
697
+18
🇪🇸 Franks · Spain
779
-17
🇲🇽 Bohemians · Mexico
763
-16
🇧🇷 Japanese · Brazil
723
-20
IlSindaco
13:34 Feudal Age
22:38 Castle Age
21:13 Double-Bit Axe
22:10 Wheelbarrow
31:43 Husbandry
32:02 Pikeman
32:45 Squires
35:27 Imperial Age
33:14 Hand Cart
34:30 Ballistics
34:35 Forging
34:31 Scale Barding Armor
34:19 Fletching
36:12 Caravan
38:31 Cavalier
38:34 Halberdier
40:38 Paladin
42:58 Iron Casting
42:18 Bodkin Arrow
42:44 Chain Barding Armor
42:27 Murder Holes
46:24 Stone Mining
46:24 Gold Mining
47:47 Hoardings
47:33 Conscription
47:15 Chivalry
47:38 #83
46:41 Elite Throwing Axeman
48:32 Blast Furnace
48:07 Plate Barding Armor
47:34 Padded Archer Armor
47:34 Scale Mail Armor
47:23 Arrowslits
48:38 Chemistry
47:29 Arrowslits
47:56 Fortified Wall
47:57 Masonry
68:59 Light Cavalry
69:47 Heavy Scorpion
82:26 Spies/Treason
Traiano86
12:42 Feudal Age
24:09 Castle Age
23:29 Double-Bit Axe
23:49 Gold Mining
25:16 Wheelbarrow
29:40 Man-at-Arms
29:41 Pikeman
30:22 Squires
32:22 Long Swordsman
35:38 Imperial Age
34:09 Stone Mining
34:55 Gold Shaft Mining
34:58 Bow Saw
34:42 Horse Collar
34:29 Elite Skirmisher
36:14 Forging
35:55 Fletching
36:06 Padded Archer Armor
36:06 Scale Mail Armor
36:12 Scale Barding Armor
37:21 Hand Cart
37:21 Caravan
37:32 Halberdier
40:11 Iron Casting
39:33 Bodkin Arrow
39:55 Chain Mail Armor
39:57 Leather Archer Armor
39:51 Legionary
43:59 Blast Furnace
47:06 Conscription
47:09 Comitatenses
47:00 Ballistas
46:18 Elite Centurion
47:49 Siege Engineers
47:42 Murder Holes
48:13 Ballistics
48:19 Chain Barding Armor
48:02 Heavy Scorpion
68:27 Guilds
LeadSlug
0:29 Loom
11:02 Feudal Age
16:50 Castle Age
21:03 Horse Collar
27:17 Double-Bit Axe
28:26 Heavy Plow
32:14 Wheelbarrow
35:47 Fortified Wall
38:59 Imperial Age
37:01 Husbandry
37:15 Bloodlines
37:10 Padded Archer Armor
37:12 Gold Mining
38:01 Masonry
38:09 Forging
38:38 Scale Barding Armor
38:49 Leather Archer Armor
39:55 Artillery
40:17 Elite Janissary
41:27 Bow Saw
42:06 Iron Casting
42:02 Ring Archer Armor
42:18 Conscription
44:31 Blast Furnace
43:52 Chain Barding Armor
44:09 Caravan
44:41 Architecture
44:36 Hand Cart
44:09 Town Watch
47:35 Town Patrol
47:48 Guilds
49:06 Hoardings
49:10 Plate Barding Armor
65:53 Gold Shaft Mining
65:09 Stone Mining
69:53 Two-Man Saw
80:58 Spies/Treason
CALLATEprr@
0:35 Loom
13:55 Feudal Age
16:09 Man-at-Arms
17:53 Horse Collar
18:06 Double-Bit Axe
19:11 Wheelbarrow
20:44 Arson
23:04 Castle Age
24:50 Hand Cart
24:00 Long Swordsman
24:02 Pikeman
24:43 Squires
27:38 Fishing Lines
29:14 Bow Saw
29:10 Heavy Plow
36:10 Wagenburg Tactics
39:29 Imperial Age
36:45 Town Watch
39:34 Chemistry
38:55 Ballistics
38:16 Treadmill Crane
39:21 Caravan
39:31 Two-Handed Swordsman
39:31 Halberdier
40:28 Fervor
40:27 Siege Engineers
40:49 Forging
40:40 Scale Mail Armor
40:44 Padded Archer Armor
40:16 Elite Hussite Wagon
41:05 Champion
43:03 Houfnice
46:27 Iron Casting
46:08 Chain Mail Armor
46:09 Leather Archer Armor
45:44 Fletching
48:36 Two-Man Saw
61:42 Blast Furnace
61:13 Plate Mail Armor
61:13 Ring Archer Armor
60:39 Bodkin Arrow
65:28 Bracer
VIVAVOX
10:55 Loom
13:33 Feudal Age
17:46 Wheelbarrow
18:56 Town Watch
21:50 Double-Bit Axe
26:14 Castle Age
25:42 Stone Mining
25:47 Gold Mining
26:17 Forging
26:13 Scale Barding Armor
29:29 Iron Casting
29:17 Chain Barding Armor
29:14 Squires
31:14 Hand Cart
32:33 Caravan
32:53 Bow Saw
33:44 Town Patrol
40:50 Imperial Age
38:27 Light Cavalry
39:11 Husbandry
39:54 Fletching
40:07 Padded Archer Armor
40:34 Fortified Wall
40:37 Masonry
46:50 #83
47:52 Elite Throwing Axeman
51:17 Gold Shaft Mining
51:48 Blast Furnace
51:24 Plate Barding Armor
51:54 Chemistry
50:28 Cavalier
55:17 Paladin
74:38 Chivalry
TANGO
6:06 Loom
12:32 Feudal Age
14:15 Wheelbarrow
14:28 Double-Bit Axe
14:30 Fishing Lines
18:55 Horse Collar
25:59 Castle Age
25:01 Gold Mining
25:37 Stone Mining
27:20 Hand Cart
27:32 Hand Cart
27:44 Bow Saw
29:06 Caravan
30:32 Forging
30:23 Scale Mail Armor
30:27 Squires
30:12 Gambesons
29:49 Pikeman
34:31 Imperial Age
32:45 Iron Casting
32:25 Chain Mail Armor
32:53 Gillnets
33:16 Heavy Plow
35:31 Elite Samurai
36:35 Conscription
36:45 Parthian Tactics
35:47 Halberdier
37:00 Plate Mail Armor
37:30 Blast Furnace
38:18 Two-Man Saw
37:55 Kataparuto
37:50 Town Watch
38:53 Gold Shaft Mining
39:04 Fletching
39:59 Padded Archer Armor
40:08 Heavy Cavalry Archer
42:56 Town Patrol
44:59 Chemistry
44:20 Ballistics
46:56 Bodkin Arrow
47:17 Leather Archer Armor
48:53 Bracer
49:24 Ring Archer Armor
50:53 Scale Barding Armor
51:05 Bloodlines
50:56 Husbandry
52:19 Scale Barding Armor
Connection lost

Rejoining the realm…

Still unreachable

The connection could not be restored.

Session expired

The server has moved on; the page needs a fresh start.